 Dungeon Crawl Stone Soup version 0.18-a0-23-g19353e1 (webtiles) character file.

105 Nopony the Conjurer (level 4, -4/24 HPs)
             Began as a Deep Elf Conjurer on Nov 2, 2015.
             Killed from afar by Natasha (7 damage)
             ... with a magic dart
             ... on level 2 of the Dungeon.
             The game lasted 00:07:44 (1520 turns).

Nopony the Conjurer (Deep Elf Conjurer)             Turns: 1520, Time: 00:07:44

Health: -4/24      AC:  2    Str:  5    XL:     4   Next: 53%
Magic:  2/12       EV: 13    Int: 21    God:
Gold:   34         SH:  0    Dex: 15    Spells: 3 memorised, 5 levels left

rFire  . . .     SeeInvis .     (no weapon)
rCold  . . .     Clarity  .     a - +0 robe
rNeg   . . .     SustAt   .     (no shield)
rPois  +         Gourm    .     (no helmet)
rElec  .         Spirit   .     (no cloak)
rCorr  .         Warding  .     (no gloves)
rMut   .         Stasis   .     (no boots)
MR     .....                    (no amulet)
Stlth  ++........               (no ring)
                                g - ring of poison resistance

@: not resistant to hostile enchantments, unstealthy
A: no striking features
a: no special abilities


You were on level 2 of the Dungeon.
You were hungry.

You visited 1 branch of the dungeon, and saw 3 of its levels.

You collected 34 gold pieces.

Inventory:

Armour
 a - a +0 robe (worn)
Jewellery
 g - a ring of poison resistance (left hand)
Scrolls
 d - 2 scrolls of blinking {unknown}
 h - a scroll of remove curse {unknown}
 i - a scroll of teleportation {unknown}
 j - 5 scrolls of identify {unknown}
 l - 2 scrolls of magic mapping {unknown}
Potions
 e - 2 potions of cure mutation {unknown}
 k - a potion of curing {unknown}
Books
 b - a book of Conjurations

   Spells                             Type                      Level
   a - Magic Dart                     Conjuration                  1
   b - Searing Ray                    Conjuration                  2
   c - Dazzling Spray                 Conjuration/Hexes            3
   d - Fulminant Prism                Conjuration/Hexes            4
   e - Iskenderun's Mystic Blast      Conjuration                  4
   f - Iskenderun's Battlesphere      Conjuration/Charms           5
 m - a book of Air

   Spells                             Type                      Level
   a - Shock                          Conjuration/Air              1
   b - Swiftness                      Charms/Air                   2
   c - Repel Missiles                 Charms/Air                   2
   d - Static Discharge               Conjuration/Air              3
   e - Lightning Bolt                 Conjuration/Air              5
Comestibles
 c - 2 bread rations
 f - a meat ration


   Skills:
 + Level 3.1 Dodging
 + Level 2.7 Stealth
 + Level 4.0 Spellcasting
 + Level 5.7 Conjurations
 + Level 0.2 Air Magic


You had 5 spell levels left.
You knew the following spells:

 Your Spells              Type           Power        Failure   Level  Hunger
a - Magic Dart            Conj           ####         1%          1    None
b - Swiftness             Chrm/Air       #.......     17%         2    #......
c - Static Discharge      Conj/Air       ###.....     14%         3    ###....


Dungeon Overview and Level Annotations

Branches:
Dungeon (3/15)

Altars:

Annotations:
D:2 Natasha, Robin


Message History

Natasha moves out of view.
A goblin, 2 hobgoblins and 2 kobolds come into view.
The hobgoblin shouts!
The goblin picks up a scroll labeled PIUDGH WIOTA.
A goblin and Robin come into view. 3 hobgoblins come into view.
The kobold shouts!
The hobgoblin moves out of view.
A goblin comes into view. 2 goblins come into view.
The goblin shouts!
The hobgoblin shouts!
The kobold closely misses you.
Natasha howls an incantation.
Natasha glows brightly for a moment.
The kobold closely misses you. Natasha barely misses you.
Natasha stares at you and mumbles some strange words.
The magic dart hits you!
You die...

#.# #.# #.# ###
#.# #[# #.. ..#
#.# #.##########
#.# #S#...g....#
#.# #.#.######.#
#.##### #.#.# #.#
#.....####.#.####
#g#
#.............@.#
#.#
#)###.#########.#
#.# #.# #.#
#h###.###.## #g#
#.# #g#.....gg.g#
#)# #!#
#Kg.g.###..g. #$.
.#.
........g.....ggg#
#.### #
####.#.#.#.#.##g
..# ...#.#.#..K..
.## ###
#.#.###.###


You could see Natasha, a gnoll, a hobgoblin and a kobold.

Vanquished Creatures
  Terence (D:2)
  Natasha (D:2)
  A gnoll (D:2)
  2 adders (D:2)
  A giant cockroach (D:2)
  5 goblins
  3 hobgoblins
  A quokka (D:3)
  6 bats
  3 giant newts (D:1)
  4 kobolds
  4 rats
32 creatures vanquished.

Notes
Turn   | Place    | Note
--------------------------------------------------------------
     0 | D:1      | Nopony the Deep Elf Conjurer began the quest for the Orb.
     0 | D:1      | Reached XP level 1. HP: 10/10 MP: 6/6
   323 | D:1      | Reached XP level 2. HP: 15/15 MP: 5/8
   894 | D:2      | Noticed Natasha
   959 | D:2      | Reached skill level 5 in Conjurations
   959 | D:2      | Reached XP level 3. HP: 6/19 MP: 2/10
  1144 | D:2      | Noticed Terence
  1153 | D:2      | Killed Terence
  1209 | D:2      | Killed Natasha
  1209 | D:2      | Reached XP level 4. HP: 22/24 MP: 2/11
  1356 | D:2      | Learned a level 2 spell: Swiftness
  1360 | D:2      | Learned a level 3 spell: Static Discharge
  1502 | D:2      | HP: 1/24 [gnoll/spear (7)]
  1512 | D:2      | Noticed Natasha
  1514 | D:2      | Noticed Robin
  1520 | D:2      | Killed from afar by Natasha

Vault maps used:
D:1:      scummos_arrival_simple_fountains, minivault_14
D:2:      first_bread, uniq_terence, uniq_natasha, uniq_robin
D:3:      kennysheep_the_goblin_king, grunt_temple_overflow_forces_of_nature,
          minmay_misc_feat_cross

Action                   |  1- 3 |  4- 6 || total
-------------------------+-------+-------++-------
Melee: Unarmed           |       |     1 ||     1
 Cast: Magic Dart        |    49 |     9 ||    58
       Static Discharge  |       |     5 ||     5
  Eat: Pizza             |     1 |       ||     1
